 Dungeon Crawl Stone Soup version 0.29.1-15-g9cfb28693d (webtiles) character file.

Game seed: 13890076506556342870

24 protoss039 the Sneak (level 3, -2/20 HPs)
             Began as a Tengu Enchanter on Mar 25, 2023.
             Slain by an adder (3 damage)
             ... on level 2 of the Dungeon.
             The game lasted 00:01:21 (1131 turns).

protoss039 the Sneak (Tengu Enchanter)              Turns: 1131, Time: 00:01:22

Health: -2/20      AC:  2    Str:  8    XL:     3   Next: 2%
Magic:  1/7        EV: 12    Int: 15    God:
Gold:   32         SH:  0    Dex: 16    Spells: 4/6 levels left

rFire   . . .      SeeInvis .   g - +2 dagger (holy)
rCold   . . .      Faith    .   (no shield)
rNeg    . . .      Spirit   .   b - +0 robe
rPois   .          Reflect  .   (helmet restricted)
rElec   .          Harm     .   (no cloak)
rCorr   .          Rampage  .   (no gloves)
Will    .....                   (boots unavailable)
Stlth   ++........              (no amulet)
HPRegen 0.06/turn               (no ring)
MPRegen 0.10/turn               (no ring)

@: lethally poisoned (-2 -> -6), flying, very slightly contaminated, invisible
A: beak, talons 3
a: no special abilities


You were on level 2 of the Dungeon.
You visited 1 branch of the dungeon, and saw 2 of its levels.

You collected 32 gold pieces.

Inventory:

Hand Weapons
 g - a +2 dagger of holy wrath (weapon)
Armour
 b - a +0 robe (worn)
Scrolls
 d - 2 scrolls of identify {unknown}
 h - a scroll of immolation {unknown}
Potions
 c - a potion of invisibility
 e - a potion of curing {unknown}
 f - 2 potions of brilliance {unknown}
 i - a potion of haste {unknown}


   Skills:
 * Level 1.3 Fighting
 + Level 1.5 Short Blades
 + Level 2.4 Dodging
 + Level 3.1 Stealth
 + Level 2.1 Spellcasting
 + Level 2.3 Hexes


You had 4 spell levels left.
You knew the following spells:

 Your Spells              Type           Power      Damage    Failure   Level
a - Ensorcelled Hibernat  Hex/Ice        10%        N/A       21%         2

Your spell library contained the following spells:

 Spells                   Type           Power      Damage    Failure   Level
 Confusing Touch          Hex            8%         N/A       26%         3
 Tukima's Dance           Hex            8%         N/A       26%         3
 Dazzling Flash           Conj/Hex       10%        N/A       38%         3


Dungeon Overview and Level Annotations

Branches:
Dungeon (2/15) Zot: 10848

Altars:


Innate Abilities, Weirdness & Mutations

You have a beak for a mouth.
You have claws for feet.


Message History

You are poisoned.
The adder poisons you! The adder bites you.
Casting: Ensorcelled Hibernation (safe; 21% risk of failure)
Confirm with . or Enter, or press ? or * to list all spells.
Aiming: Ensorcelled Hibernation (safe; 21% risk of failure)
Press: ? - help, Shift-Dir - straight line, f/p - adder
Aim: an adder (lightly wounded, chance to affect: 48%)
The adder resists with some effort.
You feel sick. The adder closely misses you.
Unknown command.
You hit the adder. You peck the adder, but do no damage.
The adder is moderately wounded.
You feel sick. The adder closely misses you.
Casting: Ensorcelled Hibernation (safe; 21% risk of failure)
Confirm with . or Enter, or press ? or * to list all spells.
You don't have enough magic to cast this spell.
Unknown command.
Unknown command.
Unknown command.
You hit the adder. Your kick misses the adder.
The adder is heavily wounded.
You feel sick. The adder barely misses you.
Casting: Ensorcelled Hibernation (safe; 21% risk of failure)
Confirm with . or Enter, or press ? or * to list all spells.
You don't have enough magic to cast this spell.
Unknown command.
Unknown command.
You fade into invisibility!
You feel sick. The adder bites you.
* * * LOW HITPOINT WARNING * * *
You are lethally poisoned!
The adder poisons you! The adder bites you.
* * * LOW HITPOINT WARNING * * *
Unknown command.
It was a potion of flight.
You feel very buoyant.
You fly up into the air.
* * * LOW HITPOINT WARNING * * *
You feel sick. The adder bites you.
You die...

####### .......
....... ....... #
.......
#.#######.......
###...............
.......<..@S......
..............(...
..................
>.................
..................
............>#####
...........#.#
..#........#.#


You could see an adder (unable to see you).

Vanquished Creatures
  A dart slug (D:1)
  2 endoplasms (D:1)
  A goblin (D:1)
  2 hobgoblins (D:1)
  4 quokkas (D:1)
  3 bats (D:1)
  3 frilled lizards (D:1)
  A kobold (D:1)
  4 rats (D:1)
21 creatures vanquished.

Notes
Turn   | Place    | Note
-------+----------+-------------------------------------------
     0 | D:1      | protoss039 the Tengu Enchanter began the quest for the Orb.
     0 | D:1      | Reached XP level 1. HP: 10/10 MP: 4/4
   157 | D:1      | Reached XP level 2. HP: 16/16 MP: 6/6
   259 | D:1      | Reached skill level 1 in Fighting
   646 | D:1      | Found a faded altar of an unknown god.
  1082 | D:1      | Learned a level 2 spell: Ensorcelled Hibernation
  1089 | D:1      | Reached XP level 3. HP: 20/20 MP: 4/7
  1131 | D:2      | HP: 1/20 [poisoned by an adder]
  1131 | D:2      | Slain by an adder

Illustrated notes

Levels and vault maps discovered:
D:1:      kennysheep_arrival_forest, layout_loops_cross,
          hellmonk_ecumenical_altar_inner_sanctum, kennysheep_boxes
D:2:      layout_basic, uniq_terence

Skill      XL: |  1  2 |
---------------+-------+-----
Fighting       | 1 |  1.3
Short Blades   | |  1.5
Dodging        | |  2.4
Stealth        | |  3.1
Spellcasting   | |  2.1
Hexes          | |  2.3

Action                   || total
-------------------------++-------
Melee: Dagger            ||    45
       Kick              ||    12
       Peck              ||     4
 Cast: Ensorcelled Hiber ||     2
  Use: Potion            ||     2
 Stab: Sleeping          ||     7
Armor: Robe              ||    15
Dodge: Dodged            ||    30
